 Dungeon Crawl Stone Soup version 0.25.1-9-gc5326a611f (webtiles) character file.

Game seed: 10773920080094934574

36 pokeman the Magician (level 3, 0/20 HPs)
             Began as a Deep Elf Wizard on Dec 26, 2020.
             Succumbed to an adder's poison
             ... on level 2 of the Dungeon.
             The game lasted 00:01:43 (942 turns).

pokeman the Magician (Deep Elf Wizard)               Turns: 942, Time: 00:01:44

Health: 0/20       AC:  5    Str:  4    XL:     3   Next: 19%
Magic:  9/11       EV: 11    Int: 23    God:
Gold:   53         SH:  0    Dex: 13    Spells: 11/12 levels left

rFire    . . .     SeeInvis .   e - +2 spear (vorpal)
rCold    . . .     Gourm    .   (no shield)
rNeg     + . .     Faith    .   c - +0 leather armour
rPois    .         Spirit   .   b - +0 hat
rElec    .         Reflect  .   g - +1 cloak
rCorr    .         Harm     .   (no gloves)
MR       .....                  (no boots)
Stlth    ++........             (no amulet)
HPRegen  0.06/turn              a - ring of positive energy
MPRegen  0.12/turn              h - ring of flight

@: mighty, lethally poisoned (0 -> -2)
A: no striking features
a: Evoke Flight


You were on level 2 of the Dungeon.
You were not hungry.

You visited 1 branch of the dungeon, and saw 2 of its levels.

You collected 53 gold pieces.

Inventory:

Hand Weapons
 e - a +2 vorpal spear (weapon)
Armour
 b - a +0 hat (worn)
 c - a +0 leather armour (worn)
 g - a +1 cloak (worn)
Jewellery
 a - a ring of positive energy (left hand)
 h - a ring of flight (right hand)
Scrolls
 f - a scroll of teleportation {unknown}
 j - a scroll of remove curse {unknown}
 l - a scroll of random uselessness {unknown}
Comestibles
 d - 2 rations
 i - 2 chunks of flesh


   Skills:
 + Level 0.8 Fighting
 + Level 0.8 Armour
 - Level 2.4 Dodging
 - Level 2.4 Stealth
 * Level 5.1 Spellcasting
 + Level 1.8 Conjurations
   Level 1.1 Summonings
   Level 1.1 Translocations


You had 11 spell levels left.
You knew the following spells:

 Your Spells              Type           Power        Failure   Level  Hunger
a - Magic Dart            Conj           ##..         8%          1    None

Your spell library contained the following spells:

 Spells                   Type           Power        Failure   Level  Hunger
 Blink                    Tloc           N/A          16%         2    None
 Call Imp                 Summ           ##......     16%         2    None
 Slow                     Hex            #.......     24%         2    None
 Conjure Flame            Conj/Fire      ##......     32%         3    ##.....
 Mephitic Cloud           Conj/Pois/Air  #.......     36%         3    ##.....


Dungeon Overview and Level Annotations

Branches:
Dungeon (2/15)

Altars:


Message History

Found 19 gold pieces.
Found a stone staircase leading down.
* * * LOW HITPOINT WARNING * * *
You feel sick.
Found a stone staircase leading down.
An adder comes into view.
Casting: Magic Dart (safe; 8% risk of failure)
Confirm with . or Enter, or press ? or * to list all spells.
Aiming: Magic Dart (safe; 8% risk of failure)
Press: ? - help, Shift-Dir - straight line, f - adder
Aim: an adder (wandering, hasn't noticed you)
The magic dart hits the adder but does no damage.
Casting: Magic Dart (safe; 8% risk of failure)
Confirm with . or Enter, or press ? or * to list all spells.
Aiming: Magic Dart (safe; 8% risk of failure)
Press: ? - help, Shift-Dir - straight line, f/p - adder
Aim: an adder The magic dart hits the adder.
The adder is lightly wounded.
You die...

#........
#.....#........
#.....#........
##########.....#........
..S............#........
#......................
.#.............##.......
......$.......†##<.....#
.......@........).######
...>........##..###
#....#..##..##.##
......#....$##.#
.#.......##.....
.........##.....
.#........$......
.........#.#####


You could see an adder.

Vanquished Creatures
  An adder (D:2)
  A dart slug (D:2)
  5 bats
  4 goblins
  2 hobgoblins (D:1)
  3 jackals (D:2)
  A frilled lizard (D:1)
  3 kobolds
  4 rats (D:1)
24 creatures vanquished.

Notes
Turn   | Place    | Note
-------+----------+-------------------------------------------
     0 | D:1      | pokeman the Deep Elf Wizard began the quest for the Orb.
     0 | D:1      | Reached XP level 1. HP: 10/10 MP: 7/7
   316 | D:1      | Reached XP level 2. HP: 16/16 MP: 6/9
   917 | D:2      | Reached skill level 5 in Spellcasting
   926 | D:2      | Reached XP level 3. HP: 5/20 MP: 1/11
   935 | D:2      | HP: 1/20 [poisoned by an adder]
   942 | D:2      | Succumbed to an adder's poison

Illustrated notes

Levels and vault maps discovered:
D:1:      minmay_arrival_stair_chambers, layout_basic
D:2:      layout_rooms

Skill      XL: |  1  2 |
---------------+-------+-----
Spellcasting   | 5 |  5.1
Fighting       | |  0.8
Armour         | |  0.8
Dodging        | |  2.4
Stealth        | |  2.4
Conjurations   | |  1.8
Summonings     | |  1.1
Translocations | |  1.1

Action                   || total
-------------------------++-------
Melee: Spear             ||     9
 Cast: Magic Dart        ||    44
  Use: Potion            ||     2
Armor: Leather armour    ||    10
Dodge: Dodged            ||    19
